 Dungeon Crawl Stone Soup version 0.31-a0-516-gfcb59812bd (webtiles) character file.

Game seed: 14130348972287389384

124569 Aspara the Warrior (level 16, -2/141 HPs)
             Began as a Demonspawn Hunter on Aug 7, 2023.
             Was the Champion of Dithmenos.
             Slain by a merfolk impaler
             ... wielding a +2 trident of venom
              (15 damage)
             ... on level 4 of the Shoals on Aug 9, 2023.
             The game lasted 01:02:04 (21831 turns).

Aspara the Warrior (Demonspawn Hunter)             Turns: 21831, Time: 01:02:05

Health: -2/141     AC: 21    Str: 15    XL:     16   Next: 9%
Magic:  16/16      EV: 22    Int: 11    God:    Dithmenos [******]
Gold:   2828       SH:  0    Dex: 33    Spells: 15/15 levels left

rFire   + . .        e - +8 shortbow of Calamity {freeze, rC- rCorr Str+3 Dex+3}
rCold   x . .        (shield currently unavailable)
rNeg    . . .        Y - +1 scale mail "Baittid" {+Blink Fly rPois Slay+2}
rPois   +            (helmet unavailable)
rElec   .            f - +2 cloak
rCorr   +            Q - +1 pair of gloves
SInv    .            p - +0 pair of boots
Will    +....        Z - amulet of regeneration
Stlth   +++++++      m - +6 ring of dexterity
HPRegen 1.23/turn    T - +5 ring of evasion
MPRegen 0.30/turn

%: no passive effects
@: lethally poisoned (-2 -> -4), about to teleport, flying, wreathed by umbra
A: horns 3, molten scales 3, foul stench 2, magic regeneration
}: 1/15 runes: barnacled
a: Renounce Religion, Evoke Blink, Shadow Step, Shadow Form


You were on level 4 of the Shoals.
You worshipped Dithmenos.
Dithmenos was exalted by your worship.
You visited 4 branches of the dungeon, and saw 24 of its levels.
You also visited: Bailey and Volcano.

You collected 2828 gold pieces.

Inventory:

Hand Weapons
 e - the +8 shortbow of Calamity (weapon) {freeze, rC- rCorr Str+3 Dex+3}
   (You acquired it on level 6 of the Dungeon)

   Str+3:     It affects your strength (+3).
   Dex+3:     It affects your dexterity (+3).
   rC-:       It makes you vulnerable to cold.
   rCorr:     It protects you from acid and corrosion.
 J - a +5 antimagic arbalest
Armour
 f - a +2 cloak (worn)
 p - a +0 pair of boots (worn)
 F - the +4 ring mail of Watchfulness {Regen+ rCorr Slay+3}
   (You found it on level 8 of the Dungeon)

   Slay+3:    It affects your accuracy & damage with ranged weapons and melee
   (+3).
   Regen+:    It increases your rate of health regeneration.
   rCorr:     It protects you from acid and corrosion.
 I - a +4 chain mail of fire resistance
 Q - a +1 pair of gloves (worn)
 Y - the +1 scale mail "Baittid" (worn) {+Blink Fly rPois Slay+2}
   (You found it on level 1 of the Shoals)

   Slay+2:    It affects your accuracy & damage with ranged weapons and melee
   (+2).
   rPois:     It protects you from poison Fly: It grants you flight.
   +Blink:    It lets you blink.
Jewellery
 m - a +6 ring of dexterity (left hand)
 D - a ring of resist corrosion
 H - the ring "Luxeh" {Will+ Str+3 Int+6}
   (You found it on level 4 of the Shoals)

   [ring of intelligence]

   Str+3:     It affects your strength (+3).
   Int+6:     It affects your intelligence (+6).
   Will+:     It increases your willpower.
 P - a ring of ice
 R - a ring of protection from fire
 T - a +5 ring of evasion (right hand)
 W - a ring of poison resistance
 Z - an amulet of regeneration (around neck)
Wands
 v - a wand of iceblast (23)
 y - a wand of polymorph (26)
 M - a wand of flame (36)
 V - a wand of paralysis (9)
Scrolls
 a - 3 scrolls of fog
 b - 7 scrolls of enchant armour
 h - 3 scrolls of poison
 j - 6 scrolls of revelation
 k - a scroll of enchant weapon
 s - 4 scrolls of fear
 u - 3 scrolls of amnesia
 x - 4 scrolls of teleportation
 E - 2 scrolls of silence
 N - 6 scrolls of blinking
 O - 5 scrolls of immolation
 S - 4 scrolls of butterflies
Potions
 c - 5 potions of enlightenment {unknown}
 d - 10 potions of brilliance
 g - a potion of lignification {unknown}
 i - 3 potions of resistance {unknown}
 l - a potion of heal wounds
 o - 9 potions of curing
 q - 3 potions of mutation {unknown}
 r - a potion of cancellation (quivered)
 w - 3 potions of berserk rage {unknown}
 z - 4 potions of haste {unknown}
 A - 3 potions of invisibility {unknown}
 B - 4 potions of ambrosia {unknown}
 C - 5 potions of might {unknown}
 G - 2 potions of magic {unknown}
 K - 5 potions of attraction {unknown}
 L - 3 potions of degeneration {unknown}
Miscellaneous
 n - a condenser vane
 t - a lightning rod (4/4)
 U - a phantom mirror
 X - a box of beasts


   Skills:
 * Level 17.5 Fighting
 * Level 16.4 Ranged Weapons
 - Level 10.3 Armour
 - Level 7.8 Dodging
 - Level 9.0 Stealth


You had 15 spell levels left.
You didn't know any spells.
Your spell library contained the following spells:

 Spells                   Type           Power      Damage    Failure   Level
 Slow                     Hex            0%         N/A       71%         1
 Ensorcelled Hibernation  Hex/Ice        0%         N/A       85%         2
 Passwall                 Tmut/Erth      0%         N/A       85%         2
 Scorch                   Fire           0%         2d5       85%         2
 Confusing Touch          Hex            0%         N/A       97%         3
 Hailstorm                Conj/Ice       0%         3d3       97%         3
 Ignite Poison            Fire/Tmut/Pois 0%         N/A       97%         3
 Inner Flame              Hex/Fire       0%         N/A       97%         3
 Ozocubu's Armour         Ice            0%         N/A       97%         3
 Swiftness                Air            0%         N/A       97%         3
 Vampiric Draining        Necr           0%         2d6       97%         3
 Anguish                  Hex/Necr       0%         N/A       100%        4
 Flame Wave               Conj/Fire      0%         2d4       100%        4
 Sticky Flame             Conj/Fire      0%         2d3       100%        4
 Summon Ice Beast         Ice/Summ       0%         N/A       100%        4
 Simulacrum               Ice/Necr       0%         N/A       100%        6
 Summon Cactus Giant      Summ           0%         N/A       100%        6
 Ozocubu's Refrigeration  Ice            0%         4d7       100%        7
 Ignition                 Fire           0%         3d3       100%        8
 Polar Vortex             Ice            0%         N/A       100%        9


Dungeon Overview and Level Annotations

Branches:
Dungeon (14/15)            Temple (1/1) D:7            Lair (5/5) D:9
 Shoals (4/4) Lair:3        Snake (0/4) Lair:2        Slime (0/5) Lair:5
    Orc (0/2) D:12         Vaults (0/5) D:13         Bailey (visited)
Volcano (visited)

Altars:
Ashenzari
Cheibriados
Dithmenos
Fedhas
Gozag
Hepliaklqana
Kikubaaqudgha
Makhleb
Nemelex Xobeh
Okawaru
Qazlal
Ru
Sif Muna
Trog
Uskayaw
Vehumet
Wu Jian
Xom
Yredelemnul

Annotations:
D:8 3 runed translucent doors, Voker57's ghost, novice DsMo; paps's ghost, novice TrBe; psellion's ghost, novice OpMo


Innate Abilities, Weirdness & Mutations

You have a pair of large horns on your head.
You are completely covered in molten scales. (AC +4, rF+)
You sometimes emit foul miasma when damaged in melee.
You regenerate magic rapidly.


Message History

The merfolk javelineer hits you from afar with a +6 heavy spear!
You emit a cloud of dark smoke.
You shoot an arrow.
The arrow barely misses the air elemental.
The arrow hits the merfolk impaler!!
The arrow freezes the merfolk impaler!
The merfolk impaler is severely wounded.
Your shadow shoots an arrow.
The arrow barely misses the air elemental.
The air elemental completely misses you.
The air elemental hits you! The air elemental closely misses you.
The air elemental fires a burst of electricity at you.
The stunning burst misses you.
The merfolk impaler hits you from afar with a +3 trident of flaming!
* * * LOW HITPOINT WARNING * * *
The merfolk impaler burns you.
* * * LOW HITPOINT WARNING * * *
The merfolk impaler hits you from afar with a +2 trident of venom!
* * * LOW HITPOINT WARNING * * *
The wind drake completely misses you. The merfolk impaler closely misses you.
The merfolk impaler hits you from afar with a +3 trident of flaming!
* * * LOW HITPOINT WARNING * * *
The merfolk impaler burns you.
* * * LOW HITPOINT WARNING * * *
As you read the scroll of fear, it crumbles to dust.
You assume a fearsome visage.
The air elemental is unaffected.
The merfolk impaler looks frightened!
The merfolk javelineer looks frightened!
The wind drake looks frightened!
The merfolk impaler resists with some effort.
The air elemental is unaffected. x2
The air elemental hits you but does no damage.
The air elemental misses you.
The air elemental completely misses you. x2
The merfolk impaler hits you from afar with a +2 trident of venom.
* * * LOW HITPOINT WARNING * * *
You emit a cloud of dark smoke.
You are poisoned.
The air elemental closely misses you. The air elemental barely misses you.
The merfolk impaler hits you from afar with a +2 trident of venom!
You die...

....# #. #~#.#..#
#...# #..~#~..#..#
##..# #.~~#~~.#..#
.#..# #.~~..~.#..#
.#..# '.~#~~~m†..#
.#..# '.~~mm~....#
?#..# #.~~..§E#..#
##..# #.~~#~Ek#..#
#.P.# #..~.§§@#..#
....# .# #.#~~~§E#..#
.P.##~.# #..~~~§m#..#
#≈≈#~~.# #..~~~..#..#
~~~~~..# #...~~..# #
..PP..## #.......# .#
~#....# #8.....8#..#
~~......##########..#
##########........[.#


You could see 2 merfolk impalers, a merfolk javelineer (fleeing), a wind drake
(repels missiles, fleeing) and 3 air elementals.

Vanquished Creatures
  Rupert (Lair:3)
  A kraken (Shoals:3)
  Polyphemus (Shoals:2)
  Frances (Shoals:1)
  A storm dragon (Shoals:4)
  Kirke (Lair:5)
  A minotaur (Lair:3)
  4 merfolk impalers
  2 fire dragons
  The ghost of Kiciri the Black Belt, a journeyman DsMo of Ru (Lair:3)
  4 merfolk javelineers
  A boulder beetle (D:12)
  A merfolk avatar (Shoals:4)
  Erolcha (D:9)
  3 catoblepae
  A merfolk aquamancer (Shoals:4)
  2 hydras
  2 centaur warriors
  6 two-headed ogres
  An alligator snapping turtle (Shoals:4)
  3 satyrs
  2 death yaks
  Nergalle (D:10)
  3 skysharks
  Lodul (D:11)
  Amaemon (Lair:3)
  10 sea snakes
  2 lindwurms
  8 harpies
  A deep elf zephyrmancer (D:13)
  2 ugly things
  8 cyclopes
  2 wolf spiders (Lair:5)
  4 manticores
  An oklob plant (Lair:3)
  3 fauns (Shoals:3)
  4 water nymphs
  2 guardian serpents
  9 merfolk sirens
  9 elephants
  9 black mambas
  2 molten gargoyles (Volcano)
  21 cane toads
  An orange demon (Lair:3)
  Maggie (D:7)
  8 torpor snails
  2 gargoyles
  A rime drake (Lair:3)
  An unseen horror (D:10)
  2 kobold demonologists
  8 komodo dragons
  7 trolls
  3 wind drakes
  12 merfolk
  4 polar bears
  8 hornets (Lair:5)
  2 dream sheep (Shoals:1)
  4 tyrant leeches (Lair:5)
  Grinder (D:6)
  21 blink frogs
  6 snapping turtles
  2 vampires (D:13)
  3 air elementals (Shoals:4)
  A shadow (D:11)
  11 slime creatures
  16 wyverns
  11 water elementals
  47 yaks
  A hog (Lair:4)
  4 fire bats (Volcano)
  2 redbacks (Lair:5)
  2 basilisks
  2 steam dragons
  4 vampire mosquitoes
  Menkaure (D:4)
  2 acid dragons
  19 water moccasins
  4 hell hounds
  6 orc warriors
  An ice beast (D:9)
  15 wolves
  6 ogres
  2 centaurs
  A kobold brigand (D:9)
  2 scorpions
  10 bullfrogs
  10 gnoll sergeants
  5 wights (D:9)
  20 killer bees
  2 electric eels (Lair:5)
  5 howler monkeys
  5 jellies
  9 lava snakes (Volcano)
  13 orc priests
  7 hounds
  6 gnoll boudas
  Crazy Yiuf (D:7)
  A sleepcap (D:8)
  5 iguanas
  Natasha (thrice) (D:4)
  10 orc wizards
  19 gnolls
  11 adders
  3 shadow imps
  A white imp (D:8)
  2 ufetubi (D:7)
  4 worms
  2 dart slugs
  37 orcs
  4 ball pythons
  7 endoplasms
  5 giant cockroaches
  8 goblins
  3 hobgoblins
  8 jackals
  13 kobolds
  4 quokkas
  3 bats
  2 frilled lizards
  8 rats
  A tentacle (Shoals:3)
658 creatures vanquished.

Vanquished Creatures (others)
  A merfolk impaler (Shoals:4)
  6 humans (Lair:5)
  12 tentacles (Shoals:3)
19 creatures vanquished.

Grand Total: 677 creatures vanquished

Notes
Turn   | Place    | Note
-------+----------+-------------------------------------------
     0 | D:1      | Aspara the Demonspawn Hunter began the quest for the Orb.
     0 | D:1      | Reached XP level 1. HP: 16/16 MP: 1/1
   152 | D:1      | Gained mutation: You may rarely emit foul miasma when
                  | damaged in melee. [demonic ancestry]
   152 | D:1      | Reached XP level 2. HP: 22/22 MP: 2/2
   491 | D:1      | Reached skill level 1 in Armour
   918 | D:2      | Gained mutation: You sometimes emit foul miasma when
                  | damaged in melee. [demonic ancestry]
   918 | D:2      | Reached XP level 3. HP: 28/28 MP: 3/3
  1252 | D:2      | Reached XP level 4. HP: 34/34 MP: 4/4
  1547 | D:3      | Reached skill level 3 in Fighting
  2326 | D:4      | Reached XP level 5. HP: 33/41 MP: 5/5
  2428 | D:4      | Noticed Menkaure
  2776 | D:4      | Noticed Natasha
  2787 | D:4      | Reached XP level 6. HP: 22/48 MP: 6/6
  2791 | D:4      | Killed Natasha
  2827 | D:4      | Noticed Natasha
  2841 | D:4      | Killed Natasha
  2842 | D:4      | Reached skill level 4 in Fighting
  3059 | D:4      | Found a sacrificial altar of Ru.
  3283 | D:4      | Noticed Natasha
  3290 | D:4      | Killed Natasha
  3295 | D:4      | Reached skill level 5 in Ranged Weapons
  3336 | D:4      | Identified the +1 leather armour of the Freezing Gods {rF+
                  | SInv}
  3515 | D:4      | Killed Menkaure
  3516 | D:4      | Reached XP level 7. HP: 41/55 MP: 7/7
  3672 | D:5      | Entered Level 5 of the Dungeon
  4014 | D:5      | Reached skill level 5 in Fighting
  4795 | D:6      | Gained mutation: You have a pair of small horns on your
                  | head. [demonic ancestry]
  4795 | D:6      | Reached XP level 8. HP: 63/63 MP: 8/8
  5041 | D:6      | Noticed Grinder
  5047 | D:6      | Paralysed by Grinder for 4 turns
  5056 | D:6      | Paralysed by Grinder for 2 turns
  5071 | D:6      | Killed Grinder
  5072 | D:6      | Reached skill level 6 in Fighting
  5269 | D:6      | Identified 2 scrolls of acquirement
  5274 | D:6      | Acquired the +8 shortbow of Calamity {freeze, rC- rCorr
                  | Str+3 Dex+3}
  5280 | D:6      | Acquired the +4 hat "Hoafiu Torgh" {rPois rF+ Will+ Dex-5}
  5435 | D:6      | Reached skill level 5 in Armour
  5921 | D:7      | Noticed Maggie
  5939 | D:7      | Killed Maggie
  5940 | D:7      | Gained mutation: You have a pair of horns on your head.
                  | [demonic ancestry]
  5940 | D:7      | Reached XP level 9. HP: 47/71 MP: 9/9
  6078 | D:7      | Found a staircase to the Ecumenical Temple.
  6150 | Temple   | Entered the Ecumenical Temple
  6163 | Temple   | Became a worshipper of Dithmenos the Shadowed
  6276 | D:7      | Reached skill level 7 in Fighting
  6521 | D:7      | Reached skill level 1 in Stealth
  6745 | D:7      | Found a runed translucent door.
  6746 | D:7      | Noticed Crazy Yiuf
  6750 | D:7      | Killed Crazy Yiuf
  6753 | D:7      | Identified the +6 hammer "Ygod" {drain, MP+9}
  6884 | D:8      | Found a runed translucent gate.
  6885 | D:8      | Found a runed translucent gate.
  6885 | D:8      | Found a runed translucent gate.
  6891 | D:8      | Noticed paps's ghost (novice TrBe)
  6891 | D:8      | Noticed Voker57's ghost (novice DsMo)
  6892 | D:8      | Noticed psellion's ghost (novice OpMo)
  6986 | D:8      | Found a shimmering blue altar of Sif Muna.
  7049 | D:8      | Noticed a two-headed ogre
  7257 | D:8      | Reached skill level 5 in Dodging
  7270 | D:8      | Noticed a two-headed ogre
  7280 | D:8      | Killed a two-headed ogre
  7280 | D:8      | Reached * piety under Dithmenos
  7392 | D:8      | Identified the +4 ring mail of Watchfulness {Regen+ rCorr
                  | Slay+3}
  7473 | D:8      | Reached XP level 10. HP: 80/80 MP: 10/10
  7494 | D:8      | Killed a two-headed ogre
  7495 | D:8      | Reached skill level 8 in Fighting
  7658 | D:9      | Noticed a two-headed ogre
  7662 | D:9      | Killed a two-headed ogre
  7696 | D:9      | Noticed a cyclops
  7703 | D:9      | Killed a cyclops
  7733 | D:9      | Identified the +3 flail of Gin and Tonic {holy, rF+ rCorr
                  | Dex+2}
  7893 | D:9      | Noticed Erolcha
  7903 | D:9      | Killed Erolcha
  8114 | D:9      | Found a staircase to the Lair.
  8130 | D:9      | Reached skill level 5 in Stealth
  8339 | D:9      | Noticed a two-headed ogre
  8345 | D:9      | Killed a two-headed ogre
  8346 | D:9      | Reached skill level 9 in Fighting
  8346 | D:9      | Gained mutation: You have a pair of large horns on your
                  | head. [demonic ancestry]
  8346 | D:9      | Reached XP level 11. HP: 89/89 MP: 11/11
  8495 | D:10     | Entered Level 10 of the Dungeon
  8555 | D:10     | Noticed a two-headed ogre
  8572 | D:10     | Killed a two-headed ogre
  8590 | D:10     | Found a flagged portal.
  8605 | Bailey   | Entered a bailey
  8606 | Bailey   | Reached ** piety under Dithmenos
  8952 | D:10     | Noticed a sixfirhy
  8954 | D:10     | Noticed a sixfirhy
  9242 | D:10     | Noticed Nergalle
  9258 | D:10     | Killed Nergalle
  9512 | D:10     | Reached *** piety under Dithmenos
  9844 | D:11     | Noticed Lodul
  9853 | D:11     | Killed Lodul
 10183 | D:11     | Reached skill level 10 in Fighting
 10321 | D:11     | Reached **** piety under Dithmenos
 10428 | D:12     | Noticed a two-headed ogre
 10431 | D:12     | Noticed a purple ugly thing
 10436 | D:12     | Killed a two-headed ogre
 10437 | D:12     | Gained mutation: You are partially covered in molten
                  | scales. (AC +2) [demonic ancestry]
 10437 | D:12     | Reached XP level 12. HP: 97/97 MP: 12/12
 10489 | D:12     | Noticed a boulder beetle
 10518 | D:12     | Killed a boulder beetle
 10587 | D:12     | Reached skill level 10 in Ranged Weapons
 10804 | D:12     | Found a staircase to the Orcish Mines.
 11186 | D:13     | Noticed a centaur warrior
 11190 | D:13     | Killed a centaur warrior
 11418 | D:13     | Found a gate to the Vaults.
 11616 | D:13     | Reached skill level 11 in Fighting
 12151 | Lair:1   | Entered Level 1 of the Lair of Beasts
 12244 | Lair:1   | Reached skill level 10 in Armour
 12318 | Lair:1   | Identified the +6 falchion of Past Mistakes {holy, MP+9
                  | Dex+3}
 12444 | Lair:1   | Gained mutation: You are mostly covered in molten scales.
                  | (AC +3) [demonic ancestry]
 12444 | Lair:1   | Reached XP level 13. HP: 106/106 MP: 13/13
 12759 | Lair:2   | Found a staircase to the Snake Pit.
 12919 | Lair:2   | Reached ***** piety under Dithmenos
 13285 | Lair:3   | Reached skill level 12 in Fighting
 13341 | Lair:3   | Found a dark tunnel.
 13354 | Volcano  | Entered a volcano
 13753 | Volcano  | Found a bloodstained altar of Trog.
 13915 | Volcano  | Noticed a fire dragon
 13926 | Volcano  | Killed a fire dragon
 14363 | Lair:3   | Found a staircase to the Shoals.
 14386 | Lair:3   | Noticed Rupert
 14396 | Lair:3   | Killed Rupert
 14517 | Lair:3   | Noticed Kiciri's ghost (journeyman DsMo)
 14521 | Lair:3   | Noticed a minotaur
 14555 | Lair:3   | Found a runed translucent gate.
 14557 | Lair:3   | Found a runed translucent gate.
 14557 | Lair:3   | Found a runed translucent gate.
 14618 | Lair:3   | Noticed Amaemon
 14629 | Lair:3   | Reached skill level 13 in Fighting
 14642 | Lair:3   | Killed Amaemon
 15171 | Lair:3   | Killed Kiciri's ghost
 15289 | Lair:3   | Killed a minotaur
 15418 | Lair:4   | Gained mutation: You regenerate magic rapidly. [demonic
                  | ancestry]
 15418 | Lair:4   | Reached XP level 14. HP: 118/118 MP: 14/14
 15701 | Lair:4   | Found a snail-covered altar of Cheibriados.
 16105 | Lair:5   | Entered Level 5 of the Lair of Beasts
 16105 | Lair:5   | Noticed Kirke
 16144 | Lair:5   | Killed Kirke
 16152 | Lair:5   | Reached skill level 14 in Fighting
 16221 | Lair:5   | Reached ****** piety under Dithmenos
 16787 | Lair:5   | Reached skill level 15 in Fighting
 16871 | Lair:5   | Upgraded the game from 0.31-a0-479-g91c9547826 to
                  | 0.31-a0-516-gfcb59812bd
 16962 | Lair:5   | Found a runed translucent door.
 17582 | Lair:5   | Reached XP level 15. HP: 129/129 MP: 15/15
 17611 | Lair:5   | Identified the +0 scale mail of Jyutaxit {rF+ Slay+3}
 17879 | Lair:5   | Found a staircase to the Slime Pits.
 17989 | Shoals:1 | Entered Level 1 of the Shoals
 18004 | Shoals:1 | Identified the +1 scale mail "Baittid" {+Blink Fly rPois
                  | Slay+2}
 18268 | Shoals:1 | Noticed Frances
 18311 | Shoals:1 | Killed Frances
 18809 | Shoals:1 | Reached skill level 15 in Ranged Weapons
 19223 | Shoals:2 | Reached skill level 16 in Fighting
 19917 | Shoals:3 | Noticed Polyphemus
 20150 | Shoals:2 | Killed Polyphemus
 20778 | Shoals:3 | Noticed a kraken
 20828 | Shoals:3 | Killed a kraken
 21089 | Shoals:4 | Entered Level 4 of the Shoals
 21208 | Shoals:4 | Reached skill level 17 in Fighting
 21267 | Shoals:4 | Identified the +5 broad axe "Haloim" {holy, rN++ Dex+2}
 21457 | Shoals:4 | Noticed a storm dragon
 21473 | Shoals:4 | Killed a storm dragon
 21530 | Shoals:4 | Paralysed by an air elemental for 1 turns
 21590 | Shoals:4 | Identified the ring "Luxeh" {Will+ Str+3 Int+6}
 21599 | Shoals:4 | Got a barnacled rune of Zot
 21622 | Shoals:4 | Gained mutation: You are completely covered in molten
                  | scales. (AC +4, rF+) [demonic ancestry]
 21622 | Shoals:4 | Reached XP level 16. HP: 141/141 MP: 16/16
 21822 | Shoals:4 | Paralysed by an air elemental for 1 turns
 21827 | Shoals:4 | Paralysed by an air elemental for 1 turns
 21831 | Shoals:4 | Slain by a merfolk impaler

Illustrated notes

Levels and vault maps discovered:
D:1:      dpeg_arrival_another_circle, layout_basic, lemuel_flame_loot_1
D:2:      layout_rooms
D:3:      layout_basic
D:4:      layout_loops_ring, nicolae_ru_great_annihilating_truth,
          gammafunk_temple_overflow_wave, minmay_starry_boxes, uniq_natasha,
          uniq_menkaure
D:5:      layout_rooms
D:6:      layout_basic, serial_rivers, chequers_serial_rivers_small_b,
          chequers_serial_rivers_small_3, chequers_serial_rivers_micro_b,
          chequers_serial_rivers_micro_e, chequers_serial_rivers_micro_d,
          chequers_serial_rivers_large_a, uniq_grinder
D:7:      layout_rooms, minmay_temple_entry_poolview, serial_bayou_pond_e,
          uniq_maggie, uniq_crazy_yiuf_cottage
D:8:      layout_rooms, mainiacjoe_overflow_boulevard, gammafunk_ghost_cemetery
D:9:      layout_gridville, david_lair_shrubbed, uniq_erolcha
D:10:     layout_grid_maze, enter_bailey_1, uniq_nergalle
D:11:     layout_basic, uniq_lodul
D:12:     layout_cave_pools, david_orc_3
D:13:     layout_layer_cave, david_vaults_1
D:14:     layout_loops_ring, portal_ice_cave_entry_pillars_2,
          corexii_hall_statues_t, hangedman_abyss_or_decor_lesser_grid
Temple:   mainiacjoe_temple_coin_purse
Lair:1:   layout_cave_shapes
Lair:2:   layout_cave_shapes, minmay_snake_entry_spellcaster,
          cheibrodos_lair_lostbears
Lair:3:   layout_gridlike, elwin_shoals_entry_stream, enter_volcano_3,
          maelrawn_ghost_gauntlet_escape, uniq_rupert, uniq_amaemon
Lair:4:   layout_concentric_octagons, kennysheep_snail_temple
Lair:5:   wormcave, layout_loops_ring, hangedman_lair_tendril_chambers,
          dpeg_slime_entry_corner, serial_bayou_shore_a, uniq_kirke
Shoals:1: layout_shoals, uniq_frances
Shoals:2: layout_shoals
Shoals:3: layout_shoals, uniq_polyphemus
Shoals:4: shoals_end_hellmonk_storm_palace [storm_palace_center_circular,
          storm_palace_corner_reverse_hut, storm_palace_corner_pillars,
          storm_palace_corner_pillars, storm_palace_corner_altar]

Skill      XL: |  1  2  3  4  5  6  7  8  9 10 11 12 13 14 15 |
---------------+----------------------------------------------+-----
Dodging        | 2 3 4 5 6 7 |  7.8
Armour         | 1 2 3 4 5 6 7 9 10 | 10.3
Ranged Weapons | 4 5 6 7 8 9 10 12 14 16 | 16.4
Fighting       | 3 4 5 6 7 9 10 11 13 15 17 | 17.5
Stealth        | 3 5 7 8 9 |  9.0

Action                     |  1- 3 |  4- 6 |  7- 9 | 10-12 | 13-15 | 16-18 || total
---------------------------+-------+-------+-------+-------+-------+-------++-------
   Fire: Shortbow          |    96 |   177 |   334 |   543 |  1305 |    76 ||  2531
  Evoke: Wand              |       |       |       |     2 |       |       ||     2
    Use: Scroll            |       |       |     9 |    10 |     8 |     2 ||    29
         Potion            |       |       |       |     2 |     4 |       ||     6
 Armour: Leather armour    |     8 |    27 |    49 |       |       |       ||    84
         Skin              |       |       |     2 |       |       |       ||     2
         Steam dragon scal |       |       |     1 |       |       |       ||     1
         Ring mail         |       |       |       |    58 |   158 |       ||   216
         Chain mail        |       |       |       |       |    38 |       ||    38
         Scale mail        |       |       |       |       |    82 |    29 ||   111
  Dodge: Dodged            |    26 |    52 |   108 |   203 |   709 |    40 ||  1138

Table legend: (Time is in decaauts)
 A = Elapsed time spent in this place.
 B = Non-inter-level travel time spent in this place.
 C = Inter-level travel time spent in this place.
 D = Time resting spent in this place.
 E = Time spent auto-exploring this place.
 F = Levels seen in this place.
 G = Mean time per level.
                   A        B        C        D        E       F      G
               +--------+--------+--------+--------+--------+-----+--------+
         Total |  21845 |  19883 |   1962 |   2001 |  13643 |  26 |  840.2 |
       Dungeon |  11938 |  10658 |   1280 |   1241 |   7468 |  14 |  852.7 |
        Temple |     26 |      3 |     23 |      0 |      0 |   1 |   26.0 |
          Lair |   4787 |   4337 |    450 |    164 |   3082 |   5 |  957.4 |
        Shoals |   3771 |   3564 |    207 |    428 |   2352 |   4 |  942.8 |
        Bailey |    336 |    336 |      0 |      0 |     88 |   1 |  336.0 |
       Volcano |    984 |    984 |      0 |    167 |    652 |   1 |  984.0 |
               +--------+--------+--------+--------+--------+-----+--------+

Top non-repeatable levels by time:
  Lair:5: 1775 daAuts
     D:4: 1503 daAuts
     D:6: 1192 daAuts
  Lair:3: 1175 daAuts
Shoals:1: 1105 daAuts
Shoals:2: 1027 daAuts
    D:10: 1025 daAuts
    D:13: 995 daAuts
 Volcano: 984 daAuts
     D:9: 984 daAuts
     D:3: 960 daAuts
     D:7: 959 daAuts
Shoals:3: 938 daAuts
     D:1: 925 daAuts
     D:5: 864 daAuts
